 Dungeon Crawl Stone Soup version 0.28-a0-1002-gf00fe891ef (webtiles) character file.

Game seed: 4080045475495192375

51 ytrimaz the Insei (level 3, 0/26 HPs)
             Began as an Octopode Chaos Knight on Dec 6, 2021.
             Was a Plaything of Xom.
             Slain by a centaur skeleton (3 damage)
             ... on level 3 of the Dungeon.
             The game lasted 00:02:37 (2083 turns).

ytrimaz the Insei (Octopode Chaos Knight)           Turns: 2083, Time: 00:02:38

Health: 0/26       AC:  1    Str: 17    XL:     3   Next: 81%
Magic:  3/3        EV: 13    Int: 16    God:    Xom [...*..]
Gold:   137        SH:  0    Dex: 11    Spells: 2/2 levels left

rFire   . . .      SeeInvis .     - Unarmed
rCold   . . .      Faith    .   (no shield)
rNeg    . . .      Spirit   .   (helmet restricted)
rPois   .          Reflect  .   i - amulet of magic regeneration
rElec   .          Harm     .   c - +6 ring of strength
rCorr   +          Rampage  .   b - ring of resist corrosion
Will    .....                   (no ring)
Stlth   ++........              (no ring)
HPRegen 0.08/turn               (no ring)
MPRegen 0.48/turn               (no ring)
                                (no ring)
                                (no ring)

@: no status effects
A: almost no armour, amphibious, 8 rings, camouflage 1, gelatinous body 1,
(nimble swimmer 1), tentacles
a: Renounce Religion


You were on level 3 of the Dungeon.
You worshipped Xom.
You were a favourite toy of Xom.
You visited 1 branch of the dungeon, and saw 3 of its levels.

You collected 137 gold pieces.

Inventory:

Jewellery
 b - a ring of resist corrosion (right tentacle)
 c - a +6 ring of strength (left tentacle)
 g - a ring of flight
 i - an amulet of magic regeneration (around mantle)
Scrolls
 d - 3 scrolls of teleportation
Potions
 a - 2 potions of attraction {unknown}
 e - a potion of mutation {unknown}
 f - a potion of cancellation {unknown}
 h - 2 potions of heal wounds {unknown}


   Skills:
 + Level 3.6 Fighting
 + Level 2.7 Dodging
 + Level 3.8 Unarmed Combat
 * Level 0.1 Transmutations


You had 2 spell levels left.
You didn't know any spells.
Your spell library was empty.

Dungeon Overview and Level Annotations

Branches:
Dungeon (3/15)

Altars:
Xom

Shops:
D:2 :


Innate Abilities, Weirdness & Mutations

You cannot wear most types of armour.
You are amphibious.
You can wear up to eight rings at the same time.
Your skin changes colour to match your surroundings (Stealth+).
Your rubbery body absorbs attacks. (AC +1, EV +1)
((You are camouflaged near water. (Stealth+)))
You have tentacles for arms and can constrict up to eight enemies at once.


Message History

You tentacle-slap the kobold.
You kill the kobold!
No target in view!
Unknown command.
No target in view!
Found 27 stones and a scroll labelled QESYVE GOQIZU.
The centaur skeleton hits you.
The centaur skeleton closely misses you.
Things that are here:
a +0 whip; 2 stones You tentacle-slap the centaur skeleton.
The centaur skeleton is lightly damaged.
The centaur skeleton hits you. The centaur skeleton kicks you.
You bludgeon the centaur skeleton!
The centaur skeleton is moderately damaged.
Xom complains about the scenery.
The centaur skeleton hits you. The centaur skeleton kicks you.
You tentacle-slap the centaur skeleton. You squeeze the centaur skeleton.
The centaur skeleton is heavily damaged.
The centaur skeleton hits you. The centaur skeleton kicks you.
You tentacle-slap the centaur skeleton.
The centaur skeleton is severely damaged.
The centaur skeleton misses you. x2
Unknown command.
You tentacle-slap the centaur skeleton but do no damage.
The centaur skeleton is severely damaged.
The centaur skeleton hits you.
* * * LOW HITPOINT WARNING * * *
The centaur skeleton barely misses you.
The centaur skeleton hits you but does no damage.
The centaur skeleton kicks you but does no damage.
Okay, then.
Unknown command.
You see here a bat corpse.
The centaur skeleton hits you.
* * * LOW HITPOINT WARNING * * *
The centaur skeleton kicks you but does no damage.
The centaur skeleton hits you.
You die... "It's all fun and games until someone loses an eye."

#.......).........# #
#..###.#######....#
#...>..#....<#.####
#....#......#....#
######.######....#
########## #...........#
?........####.#.##....####
.........)..Z.#....#.....#
(...._...†..#@..#....#.#.#
#.....#..#.#...#.<<.....#
.#...)..#.##.##..###.###
#.#....._# ..... #.)...#
####_######### ####..#
.... .# #.### # #.. ##


You could see a centaur skeleton.

Vanquished Creatures
  An adder (D:2)
  A worm (D:2)
  A dart slug (D:2)
  A ball python (D:3)
  4 endoplasms
  A giant cockroach (D:1)
  7 goblins
  2 hobgoblins (D:2)
  2 jackals (D:3)
  5 kobolds
  A quokka (D:1)
  2 bats
  A frilled lizard (D:2)
  4 rats
33 creatures vanquished.

Notes
Turn   | Place    | Note
-------+----------+-------------------------------------------
     0 | D:1      | ytrimaz the Octopode Chaos Knight began the quest for the
                  | Orb.
     0 | D:1      | Reached XP level 1. HP: 16/16 MP: 1/1
   361 | D:1      | Reached XP level 2. HP: 13/21 MP: 2/2
   570 | D:1      | XOM: silly message
   914 | D:1      | XOM: cloud trail
  1271 | D:2      | XOM is BORED!
  1271 | D:2      | XOM: 5-stop teleportation journey
  1317 | D:2      | Reached XP level 3. HP: 23/26 MP: 3/3
  1438 | D:2      | Found Aginaiwo's Book Shop.
  1619 | D:2      | XOM: divination: detect items
  2074 | D:3      | XOM: scenery: create altars
  2083 | D:3      | Slain by a centaur skeleton

Illustrated notes

Levels and vault maps discovered:
D:1:      scummos_arrival_gate, layout_loops_ring, minivault_27
D:2:      layout_loops_ring, serial_shops, nicolae_shop_waterfront
D:3:      layout_basic, shapermc_ecumenical_altar_venn

Action                   || total
-------------------------++-------
Melee: Unarmed           ||    70
       Constrict         ||    19
       Tentacles         ||     9
       Punch             ||     1
  Use: Scroll            ||     3
 Stab: Sleeping          ||     5
Armor: Skin              ||     4
Dodge: Dodged            ||    28

Table legend: (Time is in decaauts)
 A = Elapsed time spent in this place.
 B = Non-inter-level travel time spent in this place.
 C = Inter-level travel time spent in this place.
 D = Time resting spent in this place.
 E = Time spent auto-exploring this place.
 F = Levels seen in this place.
 G = Mean time per level.
                   A        B        C        D        E       F      G
               +--------+--------+--------+--------+--------+-----+--------+
         Total |   2077 |   2049 |     28 |     23 |   1713 |   3 |  692.3 |
       Dungeon |   2077 |   2049 |     28 |     23 |   1713 |   3 |  692.3 |
               +--------+--------+--------+--------+--------+-----+--------+

Top non-repeatable levels by time:
     D:1: 1184 daAuts
     D:2: 752 daAuts
     D:3: 140 daAuts
